 Dungeon Crawl Stone Soup version 0.25.1-3-ge44b62a0b3 (webtiles) character file.

Game seed: 404466508872157009

145 Deltha the Ruffian (level 5, -10/52 HPs)
             Began as a Troll Monk on Nov 23, 2020.
             Mangled by Blork the orc
             ... wielding a +2 broad axe of electrocution
              (12 damage)
             ... on level 4 of the Dungeon.
             The game lasted 00:07:44 (1427 turns).

Deltha the Ruffian (Troll Monk)                     Turns: 1427, Time: 00:07:45

Health: -10/52     AC: 10    Str: 19    XL:     5   Next: 6%
Magic:  4/4        EV: 15    Int:  6    God:
Gold:   37         SH:  0    Dex: 13    Spells: 4/4 levels left

rFire    . . .     SeeInvis .     - Unarmed
rCold    . . .     Gourm    +   (no shield)
rNeg     . . .     Faith    .   a - +0 robe
rPois    .         Spirit   .   (helmet restricted)
rElec    .         Reflect  .   (no cloak)
rCorr    .         Harm     .   (gloves unavailable)
MR       .....                  (boots unavailable)
Stlth    ++........             (no amulet)
HPRegen  0.57/turn              h - +4 ring of protection
MPRegen  0.09/turn              v - +4 ring of evasion

@: starving
A: large, unfitting armour, claws 3, fast metabolism 3, gourmand, regeneration
1, shaggy fur 1, tough skin 3
a: no special abilities


You were on level 4 of the Dungeon.
You were starving.

You visited 1 branch of the dungeon, and saw 4 of its levels.

You collected 37 gold pieces.

Inventory:

Hand Weapons
 f - a +0 club
 g - a +0 whip
 i - a +0 dagger
 j - a +0 spear
 r - a +0 club
 u - a +0 club
Missiles
 d - 19 stones (quivered)
 p - 23 arrows
Armour
 a - a +0 robe (worn)
 e - a +0 robe
 n - a cursed +0 ring mail
Jewellery
 h - a +4 ring of protection (left claw)
 o - an uncursed ring of protection from magic {unknown}
 v - a +4 ring of evasion (right claw)
Wands
 q - a wand of iceblast (6)
Scrolls
 s - a scroll of remove curse
 t - a scroll of identify {unknown}
Potions
 c - a potion of cancellation {unknown}
 k - a potion of magic {unknown}
 l - a potion of flight {unknown}
 m - a potion of heal wounds {unknown}
 w - a potion of degeneration {unknown}
Comestibles
 b - 3 rations


   Skills:
 + Level 2.8 Fighting
 + Level 3.5 Dodging
 + Level 1.2 Stealth
 + Level 4.3 Unarmed Combat


You had 4 spell levels left.
You didn't know any spells.
Your spell library was empty.

Dungeon Overview and Level Annotations

Branches:
Dungeon (4/15)
 Temple: D:4-7

Altars:

Annotations:
D:4 Blork the orc, Edmund


Innate Abilities, Weirdness & Mutations

You are too large for most types of armour.
You have claws for hands.
Your metabolism is lightning-fast.
You like to eat raw meat.
Your natural rate of healing is unusually fast.
You are covered in fur. (AC +1)
You have extremely tough skin. (AC +3)


Message History

(D) Dungeon
Where to? (? - help)
Okay, then.
You don't know any spells.
There are monsters nearby!
You don't know any spells.
You don't know any spells.
There are monsters nearby!
There are monsters nearby!
(D) Dungeon
Where to? (? - help)
Okay, then.
You claw Blork the orc!
Blork the orc is severely wounded.
Blork the orc drinks a potion.
Blork the orc seems to grow stronger.
The hound closely misses you. The worker ant barely misses you.
Blork the orc hits you with a +2 broad axe of electrocution.
* * * LOW HITPOINT WARNING * * *
You are electrocuted!
You die...

#.# ..# #.# ..# #..
..# #.# #.# #### ##
#######.# #.# #.. ..
......#!# #.# #.# ##
##....###.####.##
##...h...........#
#...@...#####.##.##
#.%goa............###
#$..g...########.....
##......# ##.###
##!...)# #†###
###...@ #.... #g#...
##### #.###.#


You could see Edmund, Blork the orc (fast, strong), a hound, a worker ant and 3
goblins.

Vanquished Creatures
  A scorpion (D:4)
  A worker ant (D:4)
  3 adders
  2 worms
  3 dart slugs
  4 goblins
  3 hobgoblins
  2 quokkas
  4 bats
  A frilled lizard (D:1)
  2 kobolds
  22 rats
48 creatures vanquished.

Notes
Turn   | Place    | Note
-------+----------+-------------------------------------------
     0 | D:1      | Deltha the Troll Monk began the quest for the Orb.
     0 | D:1      | Reached XP level 1. HP: 22/22 MP: 0/0
   654 | D:1      | Reached XP level 2. HP: 29/29 MP: 1/1
   783 | D:2      | Reached XP level 3. HP: 33/36 MP: 2/2
  1215 | D:3      | Reached XP level 4. HP: 44/44 MP: 3/3
  1390 | D:4      | Reached skill level 4 in Unarmed Combat
  1390 | D:4      | Reached XP level 5. HP: 52/52 MP: 4/4
  1416 | D:4      | Noticed Blork the orc
  1424 | D:4      | Noticed Edmund
  1427 | D:4      | HP: 2/52 [Blork the orc/+2 broad axe of electrocution (5)]
  1427 | D:4      | Mangled by Blork the orc

Illustrated notes

Levels and vault maps discovered:
D:1:      dpeg_arrival_three_same_balls, layout_basic, chequers_avenue,
          minmay_door_square
D:2:      layout_basic, nicolae_overflow_crystal_walls, interstate_on_off
D:3:      layout_basic, nemelex_xobeh_ov_fountains_minmay, minmay_rat_hole
D:4:      layout_loops_ring, uniq_blork_the_orc, uniq_robin, uniq_edmund,
          uniq_duvessa

Skill      XL: |  1  2  3  4 |
---------------+-------------+-----
Dodging        | 3 |  3.5
Unarmed Combat | 4 |  4.3
Fighting       | |  2.8
Stealth        | |  1.2

Action                   |  1- 3 |  4- 6 || total
-------------------------+-------+-------++-------
Melee: Unarmed           |    85 |    35 ||   120
       Punch             |     2 |       ||     2
  Use: Scroll            |     1 |       ||     1
 Stab: Sleeping          |     2 |     1 ||     3
  Eat: Ration            |     2 |       ||     2
       Chunk             |     1 |       ||     1
Armor: Robe              |    47 |    16 ||    63
Dodge: Dodged            |    88 |    35 ||   123
